 Dungeon Crawl Stone Soup version 0.31-a0-271-gb88eb75e06 (webtiles) character file.

Game seed: 9643048301305125633

16 Maratek the Trooper (level 2, 19/19 HPs)
             Began as a Gargoyle Monk on July 14, 2023.
             Quit the game on level 1 of the Dungeon.
             The game lasted 00:00:59 (396 turns).

Maratek the Trooper (Gargoyle Monk)                  Turns: 396, Time: 00:00:59

Health: 19/19      AC:  4    Str: 14    XL:     2   Next: 54%
Magic:  2/2        EV: 12    Int: 10    God:
Gold:   11         SH:  0    Dex: 12    Spells: 1/1 levels left

rFire   . . .        a - +0 mace
rCold   . . .        d - orb {light}
rNeg    + . .        b - +0 robe
rPois   ∞            (no helmet)
rElec   +            (no cloak)
rCorr   .            (no gloves)
SInv    .            (no boots)
Will    .....        (no amulet)
Stlth   +            (no ring)
HPRegen 0.23/turn    (no ring)
MPRegen 0.08/turn

%: no passive effects
@: glowing
A: sickness immunity, AC +2, negative energy resistance 1, electricity
resistance, torment resistance 1, petrification resistance
a: no special abilities


You were on level 1 of the Dungeon.
You visited 1 branch of the dungeon, and saw 1 of its levels.

You collected 11 gold pieces.

Inventory:

Hand Weapons
 a - a +0 mace (weapon)
Armour
 b - a +0 robe (worn)
 d - an orb of light (worn)
Jewellery
 f - a ring of positive energy
Scrolls
 e - a scroll of revelation {unknown}
 g - a scroll of teleportation {unknown}
Potions
 c - a potion of ambrosia


   Skills:
 + Level 3.6 Fighting
 + Level 3.3 Maces & Flails
 + Level 2.6 Dodging


You had one spell level left.
You didn't know any spells.
Your spell library was empty.

Dungeon Overview and Level Annotations

Branches:
Dungeon (1/15)

Altars:


Innate Abilities, Weirdness & Mutations

You are immune to sickness and miasma.
Your stone body is resilient. (AC +2)
You are immune to poison.
You resist negative energy. (rN+)
You are resistant to electric shocks. (rElec)
You are resistant to unholy torment.
You are immune to petrification.


Message History

The dart slug launches a dart at you.
The slug dart hits you but does no damage.
You barely miss the kobold. The kobold barely misses you. x2
You sock the kobold!
You kill the kobold!
Things that are here:
a +0 club; a stone; a kobold corpse
Things that are here:
a +0 club; a stone; a kobold corpse You sock the dart slug!
The dart slug is severely wounded.
The dart slug launches a dart at you. The slug dart hits you.
You hit the dart slug.
The dart slug is almost dead.
The dart slug bites you but does no damage.
You hit the dart slug.
You kill the dart slug!
g - a scroll labelled FOTIES OXUECVA
Found a stone staircase leading down.
A frilled lizard and a bat come into view.
There are monsters nearby!
The bat barely misses you.
The frilled lizard unfolds its giant frill.
You sock the frilled lizard!
You kill the frilled lizard!
The bat barely misses you. The bat misses you.
You see here a frilled lizard corpse.
You hit the bat but do no damage. The bat hits you.
A hobgoblin comes into view.
The hobgoblin shouts!
The bat closely misses you. The bat closely misses you.
You thump the bat!
You kill the bat!
An endoplasm comes into view.
The endoplasm quivers.
Unknown command.
Are you sure you want to abandon this character and quit the game? (Confirm with "yes".)

##...8.8.# .###
##.).8..# ...###
##.8.8.# ##...## #
.....# #.....# ######
###### #.....# #.....
####.....### ###+#...
###..........####.....##
............†..##.....#
##.....@g...##........#
#.#.#.#.#.#####......#
..........# ##..>..#
#.#.#.#.#.## #.....#
............# #.....#
.#.#J#.#.#.## #.....#
............ #.....# .#
#. .# #######


You could see a hobgoblin.

Vanquished Creatures
  A dart slug (D:1)
  A bat (D:1)
  A giant cockroach (D:1)
  3 goblins (D:1)
  2 quokkas (D:1)
  A ball python (D:1)
  A frilled lizard (D:1)
  2 kobolds (D:1)
  A rat (D:1)
13 creatures vanquished.

Notes
Turn   | Place    | Note
-------+----------+-------------------------------------------
     0 | D:1      | Maratek the Gargoyle Monk began the quest for the Orb.
     0 | D:1      | Reached XP level 1. HP: 14/14 MP: 1/1
    61 | D:1      | Found a faded altar of an unknown god.
   217 | D:1      | Reached XP level 2. HP: 15/19 MP: 2/2
   396 | D:1      | Quit the game

Illustrated notes

Levels and vault maps discovered:
D:1:      ncdulo_halloftheorcs, layout_basic, chequers_ecumenical_altar_island,
          kennysheep_nondescript, st_stairs_11

Action                     || total
---------------------------++-------
  Melee: Mace              ||    24
 Armour: Robe              ||    11
  Dodge: Dodged            ||    19

Table legend: (Time is in decaauts)
 A = Elapsed time spent in this place.
 B = Non-inter-level travel time spent in this place.
 C = Inter-level travel time spent in this place.
 D = Time resting spent in this place.
 E = Time spent auto-exploring this place.
 F = Levels seen in this place.
 G = Mean time per level.
                   A        B        C        D        E       F      G
               +--------+--------+--------+--------+--------+-----+--------+
         Total |    403 |    403 |      0 |      0 |    283 |   1 |  403.0 |
       Dungeon |    403 |    403 |      0 |      0 |    283 |   1 |  403.0 |
               +--------+--------+--------+--------+--------+-----+--------+

Top non-repeatable levels by time:
     D:1: 403 daAuts
